AoeStats
← CazadorGT

Arena

506244562Analyzed
4v4 RM · 21d ago on Sep 12, 2026· 52m 53s· 8 players
Game mode
Random Map
Map size
Large (8 player)
Population
200
Speed
Normal
Resources
Standard
Victory
Conquest
Starting age
Dark Age
Ending age
Imperial Age
RankedLock teamsTeams togetherTeam positionsShared explorationLock speedFull tech treeHidden civsTurbo modeCheats
Victory
Defeat
🇻🇪 Bohemians · Venezuela
1117
+12
🇪🇸 Britons · Spain
1110
+12
🇪🇸 Khmer · Spain
1078
+13
🇬🇹 Saracens · Guatemala
1052
+14
🇫🇷 Persians · France
1081
-15
🇩🇪 Celts · Germany
1070
-15
🇬🇧 Goths · United Kingdom
1051
-14
🇩🇪 Huns · Germany
862
-7
GAF_Gladiator
11:00 Feudal Age
11:46 Feudal Age
12:46 Horse Collar
12:56 Double-Bit Axe
15:47 Castle Age
17:12 Bow Saw
18:37 Wheelbarrow
20:48 Bloodlines
22:42 Heavy Plow
22:38 Gold Mining
25:18 Hand Cart
25:31 Scale Barding Armor
26:15 Forging
27:51 Iron Casting
29:16 Husbandry
32:32 Imperial Age
29:49 Loom
30:36 Chain Barding Armor
30:20 Town Watch
30:29 Stone Mining
31:15 Gold Shaft Mining
31:04 Ballistics
30:38 Fletching
32:12 Stone Shaft Mining
32:08 Masonry
32:11 Cavalier
33:28 Plate Barding Armor
33:54 Blast Furnace
33:22 Savar
34:58 Conscription
34:40 Kamandaran
35:16 Hoardings
38:00 Light Cavalry
39:32 Bodkin Arrow
39:38 Padded Archer Armor
39:48 Crossbowman
40:39 Thumb Ring
40:03 Hussar
41:57 Leather Archer Armor
45:11 Chemistry
44:42 Architecture
46:22 Scale Mail Armor
46:54 Ring Archer Armor
45:46 Pikeman
46:27 Squires
46:13 Gambesons
46:22 Halberdier
47:19 Chain Mail Armor
48:40 Plate Mail Armor
Reju333
11:26 Feudal Age
12:56 Horse Collar
15:47 Castle Age
13:41 Double-Bit Axe
14:17 Stone Mining
14:42 Loom
16:54 Bow Saw
16:45 Heavy Plow
23:52 Wheelbarrow
26:59 Hand Cart
29:25 Caravan
29:23 Gold Mining
33:12 Imperial Age
30:27 Pikeman
32:17 Gold Shaft Mining
32:10 Ballistics
33:32 Forging
33:23 Heavy Scorpion
34:42 Light Cavalry
35:24 Husbandry
36:02 Scale Barding Armor
35:58 Scale Mail Armor
35:42 Hussar
RealNewther
10:56 Feudal Age
15:43 Castle Age
13:45 Double-Bit Axe
14:37 Horse Collar
19:34 Squires
18:55 Pikeman
25:55 Gold Mining
26:19 Bow Saw
26:13 Heavy Plow
27:58 Elite Skirmisher
28:16 Pikeman
29:49 Wheelbarrow
30:17 Scale Barding Armor
30:12 Scale Mail Armor
30:47 Padded Archer Armor
33:20 Leather Archer Armor
32:56 Fletching
38:17 Imperial Age
36:10 Hand Cart
35:44 Town Watch
37:51 Husbandry
38:02 Bloodlines
38:27 Cavalier
38:28 Light Cavalry
39:55 Halberdier
45:30 Murder Holes
45:46 Masonry
48:12 Capped Ram
GAF_TinTin
1:11 Loom
11:42 Feudal Age
15:45 Castle Age
13:54 Double-Bit Axe
13:53 Horse Collar
17:14 Bow Saw
21:32 Gold Mining
26:26 Wheelbarrow
26:06 Stone Mining
27:13 Squires
27:25 Heavy Plow
28:49 Scale Mail Armor
29:00 Forging
28:29 Man-at-Arms
31:56 Imperial Age
28:55 Pikeman
30:02 Chain Mail Armor
31:25 Iron Casting
30:37 Long Swordsman
31:37 Hand Cart
32:31 Anarchy
33:44 Blast Furnace
33:33 Halberdier
34:25 Perfusion
34:55 Capped Ram
36:08 Two-Handed Swordsman
38:20 Conscription
38:52 Elite Huskarl
40:54 Champion
43:17 Fletching
43:27 Padded Archer Armor
43:54 Scale Barding Armor
45:52 Elite Skirmisher
CazadorGT
11:48 Feudal Age
13:42 Double-Bit Axe
13:39 Horse Collar
16:27 Castle Age
15:51 Forging
17:29 Loom
17:45 Town Watch
22:15 Iron Casting
24:39 Fletching
28:06 Imperial Age
25:39 Stone Mining
26:45 Bodkin Arrow
26:56 Scale Barding Armor
27:00 Husbandry
27:42 Gold Mining
28:03 Heavy Plow
29:31 Bow Saw
31:31 Chemistry
31:22 Chain Barding Armor
32:02 Bloodlines
35:29 Conscription
36:38 Blast Furnace
38:31 Plate Barding Armor
48:39 Elite Mameluke
50:39 Wheelbarrow
52:08 Two-Man Saw
52:33 Bracer
53:47 Hand Cart
pituarthax
11:18 Feudal Age
13:17 Double-Bit Axe
15:41 Castle Age
13:50 Horse Collar
15:54 Wheelbarrow
15:06 Loom
21:18 Town Watch
21:57 Bow Saw
23:05 Heavy Plow
24:59 Stone Mining
28:52 Imperial Age
26:54 Fletching
27:05 Padded Archer Armor
27:07 Gold Mining
27:57 Ballistics
27:59 Bodkin Arrow
29:18 Forging
28:52 Treadmill Crane
29:58 Gold Shaft Mining
29:26 Scale Mail Armor
29:41 Leather Archer Armor
29:46 Hand Cart
29:42 Town Patrol
29:15 Man-at-Arms
29:41 Gambesons
30:20 Squires
31:20 Bracer
31:57 Iron Casting
31:04 Long Swordsman
32:18 Conscription
33:00 Yeomen
34:32 Two-Handed Swordsman
36:36 Ring Archer Armor
36:32 Champion
38:57 Blast Furnace
38:13 Chain Mail Armor
37:28 Pikeman
37:59 Halberdier
41:15 Warwolf
43:20 Arson
44:08 Plate Mail Armor
49:48 Guilds
49:38 Caravan
Kiko de la Rica
5:51 Loom
12:53 Feudal Age
15:46 Castle Age
13:35 Double-Bit Axe
17:47 Bow Saw
18:50 Wheelbarrow
22:56 Gold Mining
24:37 Gold Shaft Mining
24:15 Stone Mining
24:53 Hand Cart
28:55 Imperial Age
27:35 Stone Shaft Mining
26:57 Horse Collar
30:17 Bloodlines
30:07 Husbandry
30:17 Heavy Plow
30:38 Scale Barding Armor
30:43 Forging
31:35 Double Crossbow
31:55 Conscription
33:02 Chemistry
32:46 Chain Barding Armor
33:01 Iron Casting
31:50 Heavy Scorpion
32:54 Heated Shot
33:24 Ballistics
32:47 Light Cavalry
33:22 Hussar
34:28 Siege Engineers
35:46 Plate Barding Armor
36:12 Blast Furnace
36:26 Masonry
39:45 Hoardings
39:15 Capped Ram
43:58 Architecture
43:24 Murder Holes
48:37 Elite Battle Elephant
50:12 Tusk Swords
dejame_ganar
10:54 Feudal Age
15:11 Castle Age
13:21 Horse Collar
14:13 Double-Bit Axe
19:07 Bow Saw
26:59 Imperial Age
24:15 Loom
25:55 Fletching
27:11 Bodkin Arrow
29:21 Chemistry
28:59 Conscription
30:21 Ballistics
29:28 Pikeman
30:16 Murder Holes
32:32 Squires
32:48 Forging
32:23 Halberdier
34:56 Two-Man Saw
35:44 Iron Casting
35:09 Scale Mail Armor
35:13 Bracer
Connection lost

Rejoining the realm…

Still unreachable

The connection could not be restored.

Session expired

The server has moved on; the page needs a fresh start.